Cogmind - Beta 9.6 @@@ ROGUE MODE // 2020.06.14 @ 13:23:15 Player: pointone Result: Destroyed by S-27 Virus with Autogun Performance ------------- Evolutions (4) 2000 Regions Visited (9) 1800 Robots Destroyed (12) 60 Value Destroyed (537) 537 Prototype IDs (3) 60 Alien Tech Used (0) 0 Bonus (252) 252 TOTAL SCORE: 4709 Bonus ------- Pacifist 200 Follower Combat Kills 52 Cogmind --------- Core Integrity 0/850 Matter 122/300 Energy 100/100 System Corruption 0% Temperature Cool (0) Movement Walking (120) Location -6/Lower Caves Parts ------- > --- POWER (3) -------- (None) > --- PROPULSION (5) --- Armored Leg > --- UTILITY (5) ------ (None) > --- WEAPON (2) ------- (None) > --- INVENTORY (4) ---- Heavy Ion Cannon Cooled Plasma Cannon Cooled Plasma Cannon Peak State ------------ > --- POWER ------------ Ion Engine Ion Engine > --- PROPULSION ------- Improved Hover Unit Combat Airjet Combat Airjet > --- UTILITY ---------- Advanced Heat Sink Small Storage Unit Improved Light Armor Plating > --- WEAPON ----------- Advanced Beam Cannon Improved Grenade Launcher > --- INVENTORY -------- Light Armor Plating [Rating: 29] Favorites ----------- Power Ion Engine Engine Ion Engine Propulsion Aluminum Leg Leg Aluminum Leg Hover Unit Improved Hover Unit Flight Unit Cesium-ion Thruster Utility Small Storage Unit Device Advanced Heat Sink Storage Small Storage Unit Processor Enhanced Optical Array Protection Improved Light Armor Plating Weapon Medium Laser Energy Gun Medium Laser Energy Cannon Advanced Beam Cannon Ballistic Gun Assault Rifle Ballistic Cannon Flak Cannon Launcher Improved Grenade Launcher Build | -11 -10 -10 -9 -9 -8 -7 -6 -6 -6 ------- Run | Scr Mat Min Mat Min Mat Fac Fac Low Low Slots Evolved 8 | . . . 2 . 2 2 2 . . Power 2 | . . . . . 1 . 1 . . Propulsion 3 | . . . 1 . . 1 1 . . Utility 3 | . . . 1 . 1 1 . . . Weapon . | . . . . . . . . . . Parts Attached 33 | 6 1 1 7 1 4 7 3 2 1 Power 5 | 1 . . 1 1 1 . 1 . . Engine 5 | 1 . . 1 1 1 . 1 . . Core . | . . . . . . . . . . Reactor . | . . . . . . . . . . Propulsion 13 | 2 . . 4 . 1 3 . 2 1 Treads . | . . . . . . . . . . Leg 4 | 2 . . . . . . . 1 1 Wheel . | . . . . . . . . . . Hover 5 | . . . 4 . 1 . . . . Flight 4 | . . . . . . 3 . 1 . Utility 7 | 1 1 1 1 . . 1 2 . . Device 2 | . . . 1 . . . 1 . . Storage 2 | 1 . . . . . . 1 . . Processor 1 | . . . . . . 1 . . . Hackware . | . . . . . . . . . . Protection 2 | . 1 1 . . . . . . . Artifact . | . . . . . . . . . . Weapon 8 | 2 . . 1 . 2 3 . . . Energy Gun 2 | 1 . . 1 . . . . . . Energy Cannon 3 | . . . . . 1 2 . . . Ballistic Gun 1 | 1 . . . . . . . . . Ballistic Cannon 1 | . . . . . . 1 . . . Launcher 1 | . . . . . 1 . . . . Special Weapon . | . . . . . . . . . . Impact Weapon . | . . . . . . . . . . Slashing Weapon . | . . . . . . . . . . Piercing Weapon . | . . . . . . . . . . Special Melee Weapon . | . . . . . . . . . . Unidentified Prototypes 3 | . . . . . 1 1 . 1 . Parts Lost 18 | . . . 2 3 2 3 . 8 . Power 2 | . . . . 1 . . . 1 . Propulsion 9 | . . . 1 1 . 2 . 5 . Utility 3 | . . . . . 1 . . 2 . Weapon 4 | . . . 1 1 1 1 . . . Highest Loss Streak 5 | . . . 1 3 2 2 . 5 . Average Slot Usage (%) 75 | . 97 100 99 98 83 56 36 21 1 Engine 10 | . 14 14 11 11 18 13 4 4 . Leg 10 | . 28 28 . . . . . . 1 Hover 10 | . . . 32 33 27 15 . . . Flight 1 | . . . . . . 1 20 4 . Device 4 | . . . 10 11 9 6 5 4 . Storage 9 | . 14 14 11 11 9 6 4 5 . Protection 7 | . 12 14 11 11 4 . . . . Energy Gun 7 | . 14 14 11 11 3 . . . . Ballistic Gun 7 | . 14 14 11 9 . . . . . Naked Turns 103 | . . . . . . 4 . 27 72 Heaviest Build 28 | 13 16 16 19 19 25 28 16 16 . Greatest Support 52 | 20 20 20 38 38 52 44 18 18 16 Greatest Overweight (x) 5 | 1 . . 1 . . 1 . 5 . Average Overweight (x) . | . . . . . . . . . . Largest Inventory Capacity 6 | 6 6 6 6 6 6 6 4 4 4 Average Capacity 5 | 5 6 6 6 6 6 5 4 4 4 Most Carried 6 | 3 2 6 6 4 2 3 4 4 3 Average Carried 3 | 1 2 3 5 3 1 2 1 3 3 Final Capacity 6 | 6 6 6 6 6 6 4 4 4 4 Final Carried 6 | 2 2 6 4 3 1 3 4 3 3 Class Distribution -------------------- 87% | Mutant 12% | Scavenger-Mutant Dominant Class ---------------- Mutant | -10/Materials Mutant | -10/Mines Mutant | -9/Materials Scavenger-Mutant | -9/Mines Mutant | -8/Materials Mutant | -7/Factory Mutant | -6/Factory Mutant | -6/Lower Caves Mutant | -6/Lower Caves Resources | -11 -10 -10 -9 -9 -8 -7 -6 -6 -6 ----------- Run | Scr Mat Min Mat Min Mat Fac Fac Low Low Matter Collected 582 | 180 . 136 94 . 90 . . 58 24 Remotely . | . . . . . . . . . . Salvage Created 379 | . . 33 219 . 127 . . . . Parts 21 | . . . 12 . 9 . . . . Haulers Intercepted . | . . . . . . . . . . Recyclers Shooed 1 | . . . . . 1 . . . . Parts Field Recycled . | . . . . . . . . . . Retrieved Matter . | . . . . . . . . . . Parts Self-Destructed 6 | . . . . . . . . 1 5 Prevented 2 | . . . . . . . . . 2 Kills | -11 -10 -10 -9 -9 -8 -7 -6 -6 -6 ------- Run | Scr Mat Min Mat Min Mat Fac Fac Low Low Combat Hostiles Destroyed 10 | . . . 4 . 5 1 . . . Guns 4 | . . . 4 . . . . . . AOE 6 | . . . . . 5 1 . . . Classes Destroyed 4 | . . . 3 . 1 . . . . Builder 1 | . . . . . 1 . . . . Watcher 1 | . . . 1 . . . . . . Grunt 5 | . . . 2 . 3 . . . . Sentry 5 | . . . 2 . 2 1 . . . Best Kill Streak 6 | . . . 2 . 6 1 . . . Combat Bots Only 5 | . . . 2 . 5 1 . . . Max Kills in Single Turn 2 | . . . 1 . 2 1 . . . Gunslinging . | . . . . . . . . . . Exploded 2 | . . . . . 2 1 . . . Melee . | . . . . . . . . . . Uniques/NPCs Destroyed . | . . . . . . . . . . Combat | -11 -10 -10 -9 -9 -8 -7 -6 -6 -6 -------- Run | Scr Mat Min Mat Min Mat Fac Fac Low Low Damage Taken 2721 | . . . 548 113 181 453 69 1087 270 Core 1051 | . . . 76 24 . 100 34 680 137 Absorbed by Shields . | . . . . . . . . . . Core Remaining (%) 92 | 100 . 100 . 75 100 85 . . . Volleys Fired 54 | . 5 7 17 2 8 15 . . . Largest 2 | . 2 2 2 2 1 2 . . . Hottest 109 | . 70 70 70 70 36 109 . . . Shots Fired 87 | . 10 14 32 4 8 19 . . . Gun 60 | . 10 14 32 4 . . . . . Cannon 9 | . . . . . . 9 . . . Launcher 18 | . . . . . 8 10 . . . Special . | . . . . . . . . . . Kinetic 34 | . 5 7 17 2 . 3 . . . Thermal 35 | . 5 7 15 2 . 6 . . . Explosive 18 | . . . . . 8 10 . . . Electromagnetic . | . . . . . . . . . . Robot Hit Streak 13 | . 4 7 13 2 7 6 . . . Robot Miss Streak 3 | . 2 1 2 2 1 3 . . . Penetration Max . | . . . . . . . . . . Secondary Targets 2 | . . . 2 . . . . . . Max Gunslinging Chain 1 | . . . 1 . . . . . . Shots Hit Robots 66 | . 7 11 27 2 7 12 . . . Core Hits 37 | . 1 5 12 . 11 5 . 3 . Critical Hits . | . . . . . . . . . . Critical Kills . | . . . . . . . . . . Critical Parts Destroyed . | . . . . . . . . . . Melee Attacks . | . . . . . . . . . . Impact . | . . . . . . . . . . Slashing . | . . . . . . . . . . Piercing . | . . . . . . . . . . Sneak Attacks . | . . . . . . . . . . Combat Hostiles . | . . . . . . . . . . Follow-up Attacks . | . . . . . . . . . . Damage Inflicted 1367 | . 89 142 319 52 468 275 . 22 . Guns 575 | . 89 142 319 25 . . . . . Cannons 83 | . . . . . . 83 . . . Explosions 660 | . . . . . 468 192 . . . Melee . | . . . . . . . . . . Ramming 49 | . . . . 27 . . . 22 . Kinetic 346 | . 41 55 182 13 . 55 . . . Thermal 312 | . 48 87 137 12 . 28 . . . Explosive 660 | . . . . . 468 192 . . . Electromagnetic . | . . . . . . . . . . Impact . | . . . . . . . . . . Slashing . | . . . . . . . . . . Piercing . | . . . . . . . . . . Highest Corruption 1 | . . . 1 1 . 1 . . . Average Corruption 1 | . . . 1 1 . 1 . . . Corruption Purged . | . . . . . . . . . . Effects 3 | . . . 3 . . . . . . Data Loss (minor) 1 | . . . 1 . . . . . . Targeting Errors 1 | . . . 1 . . . . . . Weapon Failures 1 | . . . 1 . . . . . . Overload Shots . | . . . . . . . . . . Overflow Damage . | . . . . . . . . . . Projectiles . | . . . . . . . . . . Explosions . | . . . . . . . . . . Melee . | . . . . . . . . . . Knockbacks 3 | . . . . 1 . 2 . . . Impact 1 | . . . . 1 . . . . . Kinetic 2 | . . . . . . 2 . . . Secondary . | . . . . . . . . . . Self-Inflicted Damage 46 | . . . . 13 24 . . 9 . Shots 1 | . . . . . 1 . . . . Rammed 6 | . . . . 1 . . . 5 . Targets Rammed 7 | . . . . 1 . . . 6 . Kicked 1 | . . . . . . . . 1 . Crushed . | . . . . . . . . . . Highest Temperature 399 | . 60 72 2 . . 399 . . . Average Temperature 56 | . 28 28 2 . . 178 . . . Received Heat Transfer 504 | . . . 180 . 54 108 18 144 . Siege Activations . | . . . . . . . . . . Robots Corrupted . | . . . . . . . . . . Combat Hostiles . | . . . . . . . . . . Parts Fried . | . . . . . . . . . . Impact Corruptions . | . . . . . . . . . . Robots Melted . | . . . . . . . . . . Combat Hostiles . | . . . . . . . . . . Parts Melted . | . . . . . . . . . . Heat Transferred 888 | . 148 259 407 37 . 37 . . . Parts Sabotaged . | . . . . . . . . . . Parts Stolen . | . . . . . . . . . . Parts Stripped . | . . . . . . . . . . Power Chain Reactions . | . . . . . . . . . . Missiles Intercepted . | . . . . . . . . . . Alert | -11 -10 -10 -9 -9 -8 -7 -6 -6 -6 ------- Run | Scr Mat Min Mat Min Mat Fac Fac Low Low Peak Influence 183 | . . . 157 57 183 166 105 . . Average Influence 49 | . . . 82 55 84 148 84 . . Maximum Alert Level . | . . . . . . . . . . Low Security (%) 100 | 100 100 100 100 100 100 100 100 . . Level 1 . | . . . . . . . . . . Level 2 . | . . . . . . . . . . Level 3 . | . . . . . . . . . . Level 4 . | . . . . . . . . . . Level 5 . | . . . . . . . . . . High Security . | . . . . . . . . . . Max Security . | . . . . . . . . . . Squads Dispatched 8 | . 1 . 3 . 2 2 . . . Investigation 6 | . 1 . 2 . 1 2 . . . Extermination . | . . . . . . . . . . Reinforcement 2 | . . . 1 . 1 . . . . Assault . | . . . . . . . . . . Garrison . | . . . . . . . . . . Intercept . | . . . . . . . . . . Construction Impeded . | . . . . . . . . . . Haulers Reinforced . | . . . . . . . . . . Stealth | -11 -10 -10 -9 -9 -8 -7 -6 -6 -6 --------- Run | Scr Mat Min Mat Min Mat Fac Fac Low Low Distress Signals . | . . . . . . . . . . Communications Jammed . | . . . . . . . . . . Distress Signals . | . . . . . . . . . . Times Spotted 57 | . . . 24 6 6 4 2 9 6 Peak Tracking Total 14 | . . . 14 4 2 3 2 8 5 Tactical Retreats 8 | . . . 4 2 . . . 1 1 Traps | -11 -10 -10 -9 -9 -8 -7 -6 -6 -6 ------- Run | Scr Mat Min Mat Min Mat Fac Fac Low Low Traps Triggered 1 | . . . 1 . . . . . . Indirectly . | . . . . . . . . . . Trap Hack Attempts . | . . . . . . . . . . Triggered . | . . . . . . . . . . Disarmed . | . . . . . . . . . . Reprogrammed . | . . . . . . . . . . Reused . | . . . . . . . . . . Traps Extracted . | . . . . . . . . . . Installed . | . . . . . . . . . . Triggered 1 | . . . . . . . . . 1 Machines | -11 -10 -10 -9 -9 -8 -7 -6 -6 -6 ---------- Run | Scr Mat Min Mat Min Mat Fac Fac Low Low Machines Disabled . | . . . . . . . . . . Max in Single Turn . | . . . . . . . . . . Machines Sabotaged 1 | . . . 1 . . . . . . Garrisons Compromised . | . . . . . . . . . . Overloaded Fab Kills . | . . . . . . . . . . Fab Network Shutdowns . | . . . . . . . . . . Hacking | -11 -10 -10 -9 -9 -8 -7 -6 -6 -6 --------- Run | Scr Mat Min Mat Min Mat Fac Fac Low Low Machines Accessed 11 | . 2 . 2 . 1 2 3 1 . Terminals 9 | . 2 . 2 . 1 2 2 . . Fabricators 1 | . . . . . . . 1 . . Repair Stations . | . . . . . . . . . . Recycling Units . | . . . . . . . . . . Scanalyzers . | . . . . . . . . . . Garrison Access . | . . . . . . . . . . Total Hacks 23 | . 4 . 7 . 2 4 5 1 . Successful 14 | . 3 . 6 . 1 2 1 1 . Failed 9 | . 1 . 1 . 1 2 4 . . Catastrophic 2 | . 1 . . . 1 . . . . Database Lockouts . | . . . . . . . . . . Manual 17 | . 2 . 6 . 2 4 3 . . Terminals 21 | . 4 . 7 . 2 4 4 . . Fabricators 1 | . . . . . . . 1 . . Repair Stations . | . . . . . . . . . . Recycling Units . | . . . . . . . . . . Scanalyzers . | . . . . . . . . . . Garrison Access . | . . . . . . . . . . Terminal Hacks 5 | . 1 . 2 . 1 . . 1 . Open Door 1 | . . . . . . . . 1 . Branch Access Points 1 | . . . 1 . . . . . . Unreport Threat 1 | . . . 1 . . . . . . Recall Reinforcements 2 | . 1 . . . 1 . . . . Fabricator Hacks . | . . . . . . . . . . Repair Station Hacks . | . . . . . . . . . . Recycling Unit Hacks . | . . . . . . . . . . Scanalyzer . | . . . . . . . . . . Garrison Access Hacks . | . . . . . . . . . . Unauthorized Hacks 9 | . 2 . 4 . . 2 1 . . Terminals 8 | . 2 . 4 . . 2 . . . Track 1 | . . . 1 . . . . . . Botnet 2 | . 1 . 1 . . . . . . Sabotage 1 | . . . 1 . . . . . . Search 4 | . 1 . 1 . . 2 . . . Fabricators 1 | . . . . . . . 1 . . Siphon 1 | . . . . . . . 1 . . Repair Stations . | . . . . . . . . . . Recycling Units . | . . . . . . . . . . Scanalyzers . | . . . . . . . . . . Garrison Access . | . . . . . . . . . . Data Cores Recovered . | . . . . . . . . . . Used . | . . . . . . . . . . Hacking Detections 6 | . 1 . . . 1 2 2 . . Full Trace Events 1 | . . . . . 1 . . . . Feedback Events . | . . . . . . . . . . Feedback Blocked . | . . . . . . . . . . Robot Schematics Acquired . | . . . . . . . . . . Robots Built . | . . . . . . . . . . Matter . | . . . . . . . . . . Time . | . . . . . . . . . . Total Robot Build Rating . | . . . . . . . . . . Part Schematics Acquired . | . . . . . . . . . . Parts Built . | . . . . . . . . . . Matter . | . . . . . . . . . . Time . | . . . . . . . . . . Total Part Build Rating . | . . . . . . . . . . Parts Repaired . | . . . . . . . . . . Time . | . . . . . . . . . . Parts Recycled . | . . . . . . . . . . Recycled Matter . | . . . . . . . . . . Retrieved Matter . | . . . . . . . . . . Retrieved Components . | . . . . . . . . . . Parts Scanalyzed . | . . . . . . . . . . Part Schematics Acquired . | . . . . . . . . . . Parts Damaged . | . . . . . . . . . . Bothacking | -11 -10 -10 -9 -9 -8 -7 -6 -6 -6 ------------ Run | Scr Mat Min Mat Min Mat Fac Fac Low Low Used RIF Installer . | . . . . . . . . . . Robots Hacked . | . . . . . . . . . . Non-combat . | . . . . . . . . . . Combat . | . . . . . . . . . . Robot Hacks Applied . | . . . . . . . . . . Relay Couplers Released . | . . . . . . . . . . Robots Rewired . | . . . . . . . . . . Allies Hacked . | . . . . . . . . . . Hacks Repelled . | . . . . . . . . . . Allies | -11 -10 -10 -9 -9 -8 -7 -6 -6 -6 -------- Run | Scr Mat Min Mat Min Mat Fac Fac Low Low Total Allies 4 | . . 3 . . . . . 1 . Largest Group 3 | . . 3 3 . . . . 1 . Highest-Rated Group 137 | . . 40 40 . . . . 137 . Highest-Rated Ally 137 | . . 16 16 . . . . 137 . Total Orders 1 | . . . 1 . . . . . . ROAM 1 | . . . 1 . . . . . . Ally Attacks 30 | . . . 30 . . . . . . Total Damage 334 | . . . 334 . . . . . . Kills 5 | . . . 5 . . . . . . Allies Corrupted . | . . . . . . . . . . Allies Melted . | . . . . . . . . . . Intel | -11 -10 -10 -9 -9 -8 -7 -6 -6 -6 ------- Run | Scr Mat Min Mat Min Mat Fac Fac Low Low Robot Analysis Total . | . . . . . . . . . . Derelict Logs Recovered 3 | . . 1 . 2 . . . . . Drone Launches . | . . . . . . . . . . Drone Recoveries . | . . . . . . . . . . Exploration | -11 -10 -10 -9 -9 -8 -7 -6 -6 -6 ------------- Run | Scr Mat Min Mat Min Mat Fac Fac Low Low Turns Passed 1697 | 54 71 518 233 157 101 167 88 202 106 Spaces Moved 1853 | 37 46 402 265 256 111 122 220 224 170 Core 216 | 3 . . . . . 8 . 63 142 Treads . | . . . . . . . . . . Legs 531 | 34 46 402 4 . . . . 17 28 Wheels . | . . . . . . . . . . Hover 729 | . . . 261 256 111 101 . . . Flight 377 | . . . . . . 13 220 144 . Fastest Speed 34 | 50 120 120 52 58 65 34 34 34 50 Average Speed 77 | 117 120 120 53 58 72 99 35 83 61 Slowest Speed 300 | 150 120 120 140 66 76 150 40 300 120 Overloaded Moves . | . . . . . . . . . . Propulsion Burnouts . | . . . . . . . . . . Robots Hopped 3 | . . . . . . 2 1 . . Cave-ins Triggered 1 | . . . . . . 1 . . . Exploration Rate (%) 32 | 3 17 93 27 66 18 3 11 49 40 Regions Visited 9 Branch Regions 4 Pre-discovered Areas 1 | . . . . 1 . . . . . Known Exits Taken 1 | . . . 1 . . . . . . Unknown Exits Taken 8 | 1 1 1 . 1 1 1 1 1 . Scrap Searched 3 | . . 1 . . . . . . 2 Spaces Dug 9 | . . . . . . 9 . . . Terrain Destroyed 106 | . . . . . 42 64 . . . Melee . | . . . . . . . . . . Projectile . | . . . . . . . . . . AOE 106 | . . . . . 42 64 . . . Actions | -11 -10 -10 -9 -9 -8 -7 -6 -6 -6 --------- Run | Scr Mat Min Mat Min Mat Fac Fac Low Low Total 2000 | 45 51 423 321 260 122 143 228 236 171 Wait 40 | . . 8 31 1 . . . . . Move 1840 | 36 45 401 264 256 110 118 217 223 170 Hop 2 | . . . . . . 1 1 . . Pick Up 10 | 3 . 3 . . . . 4 . . Fast Attach 23 | 5 1 . 3 . 2 7 3 1 1 Attach 8 | 1 . . 3 1 2 . . 1 . Detach 2 | . . . . . . 2 . . . Swap 2 | . . 1 1 . . . . . . Drop 5 | . . . 2 . . . 3 . . Fire 54 | . 5 7 17 2 8 15 . . . Melee . | . . . . . . . . . . Ram 1 | . . . . . . . . 1 . Kick 5 | . . . . . . . . 5 . Crush . | . . . . . . . . . . Escape Stasis . | . . . . . . . . . . Rewire 8 | . . 3 . . . . . 5 . Trap . | . . . . . . . . . . Miscellaneous . | . . . . . . . . . . Route ------- -11/Scrapyard -10/Materials -10/Mines (discovered 2 exits: *Mat x2) -9/Materials (discovered 2 exits: *Min x2) -9/Mines (discovered 2 exits: *Mat x2) -8/Materials -7/Factory -6/Factory -6/Lower Caves -6/Lower Caves History --------- Turn | Location | Event 27 | -11/Scrapyard | Discovered new exit (range 15) 55 | -11/Scrapyard | Entered Materials 118 | -10/Materials | Discovered new exit (range 6) 126 | -10/Materials | Entered Mines 221 | -10/Mines | Assembled infested the area 267 | -10/Mines | Learned Materials non-interactive machine intel 313 | -10/Mines | Build established: Mutant 462 | -10/Mines | Assisted by bots powering up and referring to "LRC-V3" 597 | -10/Mines | Discovered new exit (range 13) 607 | -10/Mines | Discovered new exit (range 14) 619 | -10/Mines | Received a Rocket Launcher from a helpful Derelict 644 | -10/Mines | Entered Materials 644 | -9/Materials | Accompanied by 3 allies 644 | -9/Materials | Evolved 2 slots: Propulsion x1, Utility x1 645 | -9/Materials | Loaded intel: 31 non-interactive machine locations 765 | -9/Materials | Identified exit to Mines 877 | -9/Materials | Entered Mines 908 | -9/Mines | Discovered new exit (range 9) 929 | -9/Mines | Learned location of Zion (-7) 993 | -9/Mines | Learned Materials emergency access door positions 1029 | -9/Mines | Discovered new exit (range 9) 1034 | -9/Mines | Entered Materials 1034 | -8/Materials | Evolved 2 slots: Power x1, Utility x1 1064 | -8/Materials | Lost 3 parts (1p1n1w) 1133 | -8/Materials | Discovered new exit (range 3) 1135 | -8/Materials | Entered Factory 1135 | -7/Factory | Evolved 2 slots: Propulsion x1, Utility x1 1177 | -7/Factory | Crushed by falling debris 1289 | -7/Factory | Released all parts (8) 1298 | -7/Factory | Discovered new exit (range 8) 1302 | -7/Factory | Entered another Factory area 1302 | -6/Factory | Evolved 2 slots: Power x1, Propulsion x1 1377 | -6/Factory | Discovered new exit (range 16) 1390 | -6/Factory | Entered Lower Caves 1406 | -6/Lower Caves | Spotted B-75 Beast 1446 | -6/Lower Caves | Lost 3 parts (3n) 1522 | -6/Lower Caves | Attracted the attention of an 0b10 outpost 1548 | -6/Lower Caves | Core integrity fell below 50% 1587 | -6/Lower Caves | Core integrity fell below 20% 1590 | -6/Lower Caves | Discovered new exit (range 7) 1592 | -6/Lower Caves | Entered another Lower Caves area 1596 | -6/Lower Caves | Lost 5 parts (1p2n2u) 1633 | -6/Lower Caves | Attracted the attention of an 0b10 checkpoint 1698 | -6/Lower Caves | Destroyed by S-27 Virus with Autogun Last Messages --------------- Penetrated by Slug. Slammed into S-27 Virus. A strange signal echoes through the caves. EXIT=FOUND LOCATION=UNKNOWN GOAL=ESCAPE Searching scrap... Found 24 Matter. Found Mak. Spear. Found Adv. Terrain Scan Processor. Found Shock Absorption System. Found Imp. Cryofiber Web. Acquired 24 matter. 4B-XNQ(r) destroyed. Y-54 Guardian: "INTERCEPTING UNREGISTERED DERELICT." Searching scrap... Found 24 Matter. Found Arm. Leg. Found Imp. Medium Treads. Acquired Arm. Leg. Map ----- +----------------------------------------------------+ | ?????????????????????????????????????????? | | ?????????????????????????????????????????? | | ?????????????????????????????????????????? | | ?????????????????????????????????????????? | | ?????????????????????????????????????????? | | ??????????????????????????????????????" ?? | | ???????????????????????# ???????????? ?? | | ???????????????????????# ????????????" ?? | | ???????????????????????# ???????????? ?? | | ???????????????????????# #??????????? ?? | | ???????????????????????? ??????????? ?? | | ???????????????????????? ??????????? ?? | | ???????????????????????? ??????????? ?? | | ???????????????????????? ##????????? ?? | | ????????????????????????? #????????? ?? | | ????????????????????????? ##????????# #?? | | ?????????????????#####??? #????????# #?? | | ????????????????## ##?? #????????# #?? | | ????????????????# ##?# ?######### #?? | | ????????????????# #?# #?# #?? | | ????????????????# s ### ### ####### #?? | | ????????????????# #?????# #?? | | ??????????????#### s###########?????# ### | | ??????????????# s #???????????????# # | | ??????????#X ### ##??????????????### # | | ??????????###???#@ #????????????????# # | | ???????????????# ??????????#%# | | ???????????????## #????????#=# | | ????????????????## ##### #????????# # | | ?????????????????## #??????????????# # | | ??????????????????# ##????????????### " | | ??????????????????## # #?????????????#"" | | ???????????????????? ??????????#" ""= | | ???????????????????? ????????#"%[ %&& | | ????????????????????######???? %& % | | ?????????????????????????????####### % | | ??????????????????????????????????#"""# = | | ??????????????????????????????????#####"## | | ??????????????????????????????????????##?? | | ?????????????????????????????????????????? | | ?????????????????????????????????????????? | | ?????????????????????????????????????????? | | ?????????????????????????????????????????? | | ?????????????????????????????????????????? | | ?????????????????????????????????????????? | | ?????????????????????????????????????????? | | ?????????????????????????????????????????? | | ?????????????????????????????????????????? | | ?????????????????????????????????????????? | | ?????????????????????????????????????????? | +----------------------------------------------------+ Best States ------------- Heat Dissipation 53 Energy Generation 16 Energy Capacity 790 Matter Stores 300 Matter Capacity 300 Sight Range 22 Terrain Scan Density 10 Armor Coverage 150 Evasion (%) 63 Item Schematics ----------------- None Robot Schematics ------------------ None Fabricated ------------ Nothing Alien Tech Used ----------------- None Achievements -------------- None Challenges ------------ None Game ------ Seed ImprinterLargeApparatus Manual? 0 Play Time 00:25:20 Cumulative 22.7 hours Start 2020.06.14 @ 12:58:52 End 2020.06.14 @ 13:23:15 Sessions 1 Manual Loads 0 Difficulty Rogue Special Mode None Game No. 27 Rogue 27 Adventurer 0 Explorer 0 Win Type - Total 0 Types 0/0/0/0/0/0/0 Lore% 37 Gallery% 37 Achievement% 31 Wizard Run 0 Options --------- ASCII 0 Keyboard 1 Movement Vi Keybinds 0 Fullscreen 1 Font 18/SmallcapsGlow Map View 76x50 Tactical HUD 0 Map Filters NONE Filters NONE Steam 0 RUN: 2593e5a6-1d81-4006-8ada-97ab030e6c51